 Dungeon Crawl Stone Soup version 0.22.0-75-g3901e79 (webtiles) character file.

121 whitewolfNL the Firebug (level 5, 0/26 HPs)
             Began as a Gargoyle Fire Elementalist on Sept 11, 2018.
             Slain by a hippogriff (3 damage)
             ... on level 1 of the Dungeon.
             The game lasted 00:33:18 (3301 turns).

whitewolfNL the Firebug (GrFE)                      Turns: 3301, Time: 00:33:18

Health: 0/26       AC:  8    Str: 12    XL:     5   Next: 5%
Magic:  8/8        EV: 11    Int: 16    God:
Gold:   143        SH:  3    Dex: 10    Spells: 2/8 levels left

rFire    . . .     SeeInvis .   b - +0 club
rCold    . . .     Gourm    .   H - +0 buckler
rNeg     + . .     Faith    .   J - +0 robe
rPois    ∞         Spirit   .   (no helmet)
rElec    +         Reflect  .   h - +0 cloak
rCorr    .         Harm     .   q - +0 pair of gloves
MR       .....                  (no boots)
Stlth    ++........             (no amulet)
HPRegen  0.08/turn              (no ring)
MPRegen  0.11/turn              (no ring)

@: no status effects
A: frail 1, negative energy resistance 1, electricity resistance, unbreathing,
petrification resistance, rot immunity, AC +4
a: no special abilities


You were on level 1 of the Dungeon.
You were not hungry.

You visited 1 branch of the dungeon, and saw 3 of its levels.

You collected 143 gold pieces.

Inventory:

Hand Weapons
 b - a +0 club (weapon)
 f - a +0 short sword
 p - a +0 hunting sling
 r - a +0 short sword
 v - a cursed -3 dagger
 w - a +0 spear
Missiles
 o - 38 stones (quivered)
 t - 2 sling bullets
 x - 18 poisoned needles
 B - 4 needles of frenzy
 D - 33 bolts
 M - 22 arrows
Armour
 h - a +0 cloak (worn)
 i - a +2 scale mail of poison resistance
 l - a +0 shield
 q - a +0 pair of gloves (worn)
 y - a +0 naga barding
 H - a +0 buckler (worn)
 J - a +0 robe (worn)
Scrolls
 a - 2 scrolls of identify {unknown}
 k - a scroll of fear {unknown}
 m - 2 scrolls of amnesia {unknown}
 n - 2 scrolls of teleportation {unknown}
 s - a scroll of fog {unknown}
 u - 3 scrolls of blinking {unknown}
Potions
 e - a potion of might {unknown}
 g - a potion of ambrosia {unknown}
 j - 2 potions of lignification {unknown}
 z - a potion of degeneration {unknown}
 C - a potion of haste {unknown}
 G - a potion of berserk rage {unknown}
Comestibles
 c - 5 rations


   Skills:
 + Level 1.2 Fighting
 - Level 1.7 Short Blades
 + Level 0.6 Armour
 + Level 1.9 Dodging
 * Level 2.7 Stealth
 * Level 1.3 Shields
 + Level 2.3 Spellcasting
 + Level 1.5 Conjurations
 + Level 3.6 Fire Magic


You had 2 spell levels left.
You knew the following spells:

 Your Spells              Type           Power        Failure   Level  Hunger
a - Flame Tongue          Conj/Fire      ##...        10%         1    #......
b - Inner Flame           Hex/Fire       #.......     38%         3    ###....
c - Throw Flame           Conj/Fire      ##....       16%         2    ###....

Your spell library contained the following spells:

 Spells                   Type           Power        Failure   Level  Hunger
 Conjure Flame            Conj/Fire      ##......     30%         3    ###....
 Sticky Flame             Conj/Fire      ##......     69%         4    #####..
 Fireball                 Conj/Fire      ##........   95%         5    ######.


Dungeon Overview and Level Annotations

Branches:
Dungeon (3/15)

Altars:
Kikubaaqudgha


Innate Abilities, Weirdness & Mutations

You are resistant to torment.
Your stone body is resilient. (AC +4)
You are immune to poison.
You resist negative energy. (rN+)
You are resistant to electric shocks. (rElec)
You can survive without breathing.
You are immune to petrification.
You are immune to rotting.
You are frail. (-10% HP)


Message History

The hippogriff pecks you but does no damage.
The hippogriff claws you.
You climb upwards.
There is a stone staircase leading down here.
The hippogriff bites you. The hippogriff pecks you.
* * * LOW HITPOINT WARNING * * *
You block the hippogriff's attack. The hippogriff barely misses you.
The hippogriff pecks you but does no damage.
The hippogriff claws you.
* * * LOW HITPOINT WARNING * * *
There is an escape hatch in the ceiling here.
There is a stone staircase leading up here.
The hippogriff closely misses you. The hippogriff completely misses you.
The hippogriff claws you.
* * * LOW HITPOINT WARNING * * *
You climb upwards.
There is a stone staircase leading down here.
The hippogriff bites you.
You die...

.....................##.###......
.........<............#...#.#####
..#####.....#####.....#.#'#'#####
.##...##...##...##....#..........
##..8..##+##..8..##...#........##
#.................##..#..........
...................##.#.........#
......>.........................#
....######.....H@######.........#
....# #.####### #.........# #####
#.# ########.........# #.#
#................# #.#
#.#######........# #.#
#.#....##........# #.#
#.#.##.##........# #.#
#.#.##.##.......## #.#
#.#.##.##.......#


You could see a hippogriff.

Vanquished Creatures
  A vampire bat (D:2)
  3 adders (D:2)
  A worm (D:2)
  3 leopard geckos
  5 bats
  4 bat skeletons (D:2)
  2 bat zombies (D:2)
  2 giant cockroaches (D:2)
  4 goblins
  6 hobgoblins
  2 jackals (D:1)
  A ball python (D:1)
  2 frilled lizards
  7 kobolds
  6 rats
49 creatures vanquished.

Notes
Turn   | Place    | Note
-------+----------+-------------------------------------------
     0 | D:1      | whitewolfNL the Gargoyle Fire Elementalist began the quest
                  | for the Orb.
     0 | D:1      | Reached XP level 1. HP: 10/10 MP: 3/3
   443 | D:1      | Reached XP level 2. HP: 11/15 MP: 5/5
  1712 | D:2      | Found an ancient bone altar of Kikubaaqudgha.
  1712 | D:2      | Noticed a vampire bat
  1761 | D:2      | Killed a vampire bat
  1761 | D:2      | Reached skill level 1 in Short Blades
  1761 | D:2      | Reached skill level 1 in Shields
  1761 | D:2      | Reached XP level 3. HP: 13/19 MP: 0/6
  1761 | D:2      | Reached XP level 4. HP: 17/24 MP: 0/7
  1802 | D:2      | Gained mutation: You are frail. (-10% HP) [mutagenic glow]
  2064 | D:2      | Reached skill level 1 in Fighting
  2486 | D:2      | Reached XP level 5. HP: 26/26 MP: 4/8
  2726 | D:1      | Learned a level 3 spell: Inner Flame
  2729 | D:1      | Learned a level 2 spell: Throw Flame
  3068 | D:3      | Noticed a hippogriff
  3301 | D:1      | Slain by a hippogriff

Skill      XL: |  1  2  3  4 |
---------------+-------------+-----
Short Blades   | 1 |  1.7
Shields        | 1 |  1.3
Fighting       | 1 |  1.2
Armour         | |  0.6
Dodging        | |  1.9
Stealth        | |  2.7
Spellcasting   | |  2.3
Conjurations   | |  1.5
Fire Magic     | |  3.6

Action                   |  1- 3 |  4- 6 || total
-------------------------+-------+-------++-------
Melee: Club              |    13 |    20 ||    33
       Short sword       |    73 |    71 ||   144
 Cast: Flame Tongue      |     6 |    21 ||    27
       Throw Flame       |       |     3 ||     3
  Eat: Ration            |     1 |     1 ||     2
       Chunk             |       |     3 ||     3
Armor: Skin              |     5 |       ||     5
       Scale mail        |   101 |    66 ||   167
       Robe              |       |    35 ||    35
Dodge: Dodged            |    58 |    82 ||   140
Block: Shield            |    42 |    34 ||    76
       Buckler           |       |     1 ||     1
